 Dungeon Crawl Stone Soup version 0.25-b1-37-g2669288 (webtiles) character file.

Game seed: 13260423685354106111

617 Inchmeat the Cleaver (level 7, 0/56 HPs)
             Began as a Hill Orc Gladiator on June 5, 2020.
             Shot with an arrow by a centaur (5 damage)
             ... on level 5 of the Dungeon.
             The game lasted 00:03:33 (4201 turns).

Inchmeat the Cleaver (Hill Orc Gladiator)           Turns: 4201, Time: 00:03:34

Health: 0/56       AC:  6    Str: 19    XL:     7   Next: 45%
Magic:  7/7        EV: 10    Int:  8    God:
Gold:   189        SH:  0    Dex: 10    Spells: 6/6 levels left

rFire    + . .     SeeInvis .   a - +0 war axe
rCold    . . .     Gourm    .   (no shield)
rNeg     . . .     Faith    .   l - +0 scale mail
rPois    +         Spirit   .   (helmet restricted)
rElec    .         Reflect  .   (no cloak)
rCorr    .         Harm     .   (no gloves)
MR       .....                  (no boots)
Stlth    ..........             (no amulet)
HPRegen  0.18/turn              e - ring of poison resistance
MPRegen  0.10/turn              (no ring)

@: no status effects
A: horns 1, clumsy 1, fire resistance 1
a: no special abilities


You were on level 5 of the Dungeon.
You were near starving.

You visited 1 branch of the dungeon, and saw 5 of its levels.

You collected 189 gold pieces.

Inventory:

Hand Weapons
 a - a +0 war axe (weapon)
Missiles
 d - 3 throwing nets (quivered)
Armour
 b - a +0 leather armour
 c - a +0 helmet
 k - a +0 plate armour
 l - a +0 scale mail (worn)
 n - a +0 cloak
Jewellery
 e - a ring of poison resistance (left hand)
Wands
 g - a wand of iceblast (5)
Scrolls
 h - 3 scrolls of identify {unknown}
 j - a scroll of teleportation {unknown}
 m - a scroll of blinking {unknown}
 p - a scroll of magic mapping {unknown}
 q - a scroll of fog {unknown}
 r - a scroll of random uselessness {unknown}
 v - a scroll of noise {unknown}
Potions
 i - 2 potions of flight {unknown}
 o - 2 potions of curing
 s - a potion of lignification {unknown}
 t - a potion of brilliance {unknown}
 u - a potion of degeneration {unknown}
Comestibles
 f - 6 rations


   Skills:
 - Level 2.4 Fighting
 + Level 10.8 Axes
 - Level 1.7 Throwing
 - Level 2.4 Dodging


You had 6 spell levels left.
You didn't know any spells.
Your spell library contained the following spells:

 Spells                   Type           Power        Failure   Level  Hunger
 Animate Skeleton         Necr           N/A          80%         1    ##.....
 Apportation              Tloc           #.....       80%         1    ##.....
 Corona                   Hex            #......      80%         1    ##.....
 Summon Small Mammal      Summ           #...         80%         1    ##.....


Dungeon Overview and Level Annotations

Branches:
Dungeon (5/15)
 Temple: D:4-7

Altars:
Elyvilon
Uskayaw

Shops:
D:4 :


Innate Abilities, Weirdness & Mutations

You have a pair of small horns on your head.
You are clumsy. (Dex -2)
Your flesh is heat resistant. (rF+)


Message History

You headbutt the water moccasin, but do no damage.
The water moccasin is almost dead.
The water moccasin bites you but does no damage.
You slash the water moccasin!
You kill the water moccasin!
A centaur comes into view.
The centaur wields a +0 shortbow.
The centaur shoots an arrow.
The arrow closely misses you.
The crimson imp blinks!
You see here an arrow.
The centaur shoots an arrow.
The arrow hits you but does no damage.
You see here an arrow.
The crimson imp disappears for a moment.
You hit the crimson imp but do no damage.
Your headbutt misses the crimson imp.
The crimson imp hits you but does no damage.
An adder skeleton comes into view.
The centaur shoots an arrow.
The arrow hits you!
* * * LOW HITPOINT WARNING * * *
The centaur shoots an arrow.
The arrow hits you.
You die...

###### . # #....#
#
#...#.##.##.#.####
......5.@(...>...#
##.##.##.#<....#.#
# ...#.##..#
#..###.. .$!# ....
#### ### ..c. ..Z.
...


You could see a centaur, a crimson imp and an adder skeleton.

Vanquished Creatures
  A water moccasin (D:5)
  An ice beast (D:4)
  A hound (D:4)
  A bullfrog skeleton (D:4)
  An orc priest (D:4)
  3 orc wizards (D:4)
  An iguana (D:4)
  2 worker ants (D:4)
  3 gnolls (D:3)
  6 adders
  An adder skeleton (D:4)
  2 worms (D:3)
  5 dart slugs
  2 leopard geckos
  9 orcs
  11 bats
  4 giant cockroaches (D:1)
  2 goblins (D:1)
  6 hobgoblins
  9 jackals
  A ball python (D:1)
  5 frilled lizards
  7 kobolds
  A leopard gecko skeleton (D:4)
  A quokka skeleton (D:4)
  5 rats
91 creatures vanquished.

Notes
Turn   | Place    | Note
-------+----------+-------------------------------------------
     0 | D:1      | Inchmeat the Hill Orc Gladiator began the quest for the
                  | Orb.
     0 | D:1      | Reached XP level 1. HP: 18/18 MP: 1/1
   300 | D:1      | Reached XP level 2. HP: 24/25 MP: 2/2
   384 | D:1      | Reached skill level 5 in Axes
   620 | D:1      | Reached XP level 3. HP: 26/30 MP: 3/3
   941 | D:2      | Reached skill level 6 in Axes
  1366 | D:2      | You fall into a shaft and drop 1 floor!
  1381 | D:3      | Reached XP level 4. HP: 24/37 MP: 4/4
  1382 | D:3      | Gained mutation: You have a pair of small horns on your
                  | head. [potion of mutation]
  1382 | D:3      | Gained mutation: You are clumsy. (Dex -2) [potion of
                  | mutation]
  1382 | D:3      | Gained mutation: Your flesh is heat resistant. (rF+)
                  | [potion of mutation]
  1390 | D:3      | Reached skill level 7 in Axes
  1806 | D:3      | Reached XP level 5. HP: 29/42 MP: 5/5
  2474 | D:3      | Found a white marble altar of Elyvilon.
  2475 | D:3      | Found a hide-covered altar of Uskayaw.
  2528 | D:4      | Found Zemm's Book Boutique.
  2615 | D:4      | Reached skill level 8 in Axes
  2662 | D:4      | Reached XP level 6. HP: 25/50 MP: 6/6
  2889 | D:4      | Reached skill level 9 in Axes
  4058 | D:5      | Entered Level 5 of the Dungeon
  4058 | D:5      | Noticed a water moccasin
  4058 | D:5      | Noticed an ice beast
  4068 | D:4      | Killed an ice beast
  4068 | D:4      | Reached skill level 10 in Axes
  4068 | D:4      | Reached XP level 7. HP: 36/56 MP: 7/7
  4201 | D:5      | Shot with an arrow by a centaur

Illustrated notes

Levels and vault maps discovered:
D:1:      lemuel_arrival_rhombus, layout_rooms, corner_web_ring, nrook_uturn
D:2:      layout_basic, first_ration, serial_bayou_lagoon_a
D:3:      layout_rooms, gammafunk_temple_overflow_statue
D:4:      layout_basic, serial_shops, nicolae_shop_trees
D:5:      layout_basic, tgw_xom, chequers_serial_rivers_marsh

Skill      XL: |  1  2  3  4  5  6 |
---------------+-------------------+-----
Axes           | 5 6 7 8 10 | 10.8
Fighting       | |  2.4
Throwing       | |  1.7
Dodging        | |  2.4

Action                   |  1- 3 |  4- 6 |  7- 9 || total
-------------------------+-------+-------+-------++-------
Melee: War axe           |    98 |   162 |    13 ||   273
       Headbutt          |       |    18 |     3 ||    21
  Use: Potion            |       |     4 |     1 ||     5
  Eat: Chunk             |     2 |     7 |       ||     9
Armor: Leather armour    |    47 |       |       ||    47
       Scale mail        |    17 |    78 |     6 ||   101
Dodge: Dodged            |    82 |   124 |     8 ||   214
